 Dungeon Crawl Stone Soup version 0.24.0-125-gc4c63601f3 (webtiles) character file.

Game seed: 673342448752972710, levelgen mode: deterministic

305 Peloso the Slasher (level 6, -5/53 HPs)
             Began as a Minotaur Fighter on Mar 21, 2020.
             Slain by an ogre
             ... wielding a +0 giant spiked club
              (32 damage)
             ... on level 4 of the Dungeon.
             The game lasted 00:05:18 (2443 turns).

Peloso the Slasher (Minotaur Fighter)               Turns: 2443, Time: 00:05:19

Health: -5/53      AC:  7    Str: 21    XL:     6   Next: 16%
Magic:  5/5        EV:  8    Int:  5    God:
Gold:   206        SH: 10    Dex: 11    Spells: 5/5 levels left

rFire    . . .     SeeInvis .   a - +0 long sword
rCold    . . .     Gourm    .   c - +0 shield
rNeg     . . .     Faith    .   b - +0 scale mail
rPois    .         Spirit   .   (helmet restricted)
rElec    .         Reflect  .   (no cloak)
rCorr    .         Harm     .   (no gloves)
MR       .....                  (no boots)
Stlth    ..........             (no amulet)
HPRegen  0.17/turn              (no ring)
MPRegen  0.09/turn              (no ring)

@: no status effects
A: retaliatory headbutt, horns 2
a: no special abilities


You were on level 4 of the Dungeon.
You were not hungry.

You visited 1 branch of the dungeon, and saw 4 of its levels.

You collected 206 gold pieces.

Inventory:

Hand Weapons
 a - a +0 long sword (weapon)
Armour
 b - a +0 scale mail (worn)
 c - a +0 shield (worn)
Jewellery
 h - an uncursed ring of resist corrosion {unknown}
 m - an uncursed ring of magical power {unknown}
Wands
 n - a wand of flame (14)
Scrolls
 e - a scroll of identify
 g - 2 scrolls of teleportation {unknown}
 j - a scroll of enchant weapon {unknown}
 l - a scroll of remove curse
 o - a scroll of amnesia
 p - a scroll of noise {unknown}
Potions
 d - a potion of might
 i - 3 potions of haste
 k - a potion of curing
 q - a potion of resistance {unknown}
Comestibles
 f - 9 rations


   Skills:
 + Level 4.3 Fighting
 + Level 5.3 Long Blades
 + Level 4.8 Armour
 + Level 1.3 Dodging
 + Level 0.2 Stealth
 + Level 5.1 Shields


You had 5 spell levels left.
You didn't know any spells.
Your spell library contained the following spells:

 Spells                   Type           Power        Failure   Level  Hunger
 Animate Skeleton         Necr           N/A          99%         1    ##.....
 Apportation              Tloc           #.....       99%         1    ##.....
 Confusing Touch          Hex            #.....       99%         1    ##.....
 Summon Small Mammal      Summ           #...         99%         1    ##.....


Dungeon Overview and Level Annotations

Branches:
Dungeon (4/15)
 Temple: D:4-7

Altars:
Hepliaklqana
Qazlal
Ru
Yredelemnul


Innate Abilities, Weirdness & Mutations

You reflexively headbutt those who attack you in melee.
You have a pair of horns on your head.


Message History

You destroy the centaur skeleton!
Found a scale mail.
q - a glowing cyan potion
Found a cloak.
An ogre comes into view. It is wielding a +0 giant spiked club.
The ogre shouts!
The ogre hits you with a +0 giant spiked club!
You hit the ogre.
The ogre is lightly wounded.
You hit the ogre.
The ogre is lightly wounded.
The ogre hits you with a +0 giant spiked club!
You hit the ogre. You headbutt the ogre.
The ogre is moderately wounded.
The ogre barely misses you. You furiously retaliate!
You headbutt the ogre! You completely miss the ogre.
The ogre is severely wounded.
The ogre hits you with a +0 giant spiked club!!
Ouch! That really hurt!
You die...

.........############
##.##.#
^...................#
####..#..
....................#
#........
....................#
#...?....
.........>..........#
#........
...................#
#........
...................#
#........
...................#
#........
##...##.....@.....#
#........
#.[...O.....#
#........
#.....[......#
#........
#............#
#........
#..#...###.###
#........ ##.####
##...###....###. #
#....).#.##.# ##
#......#.##.# #.
#.....##
#...........###.


You could see an ogre.

Vanquished Creatures
  A scorpion (D:4)
  A centaur skeleton (D:4)
  Jessica (D:3)
  2 worker ants (D:4)
  6 adders
  An adder skeleton (D:4)
  4 dart slugs (D:1)
  6 leopard geckos
  3 orcs (D:3)
  3 ball pythons (D:1)
  8 bats
  6 giant cockroaches
  7 goblins
  5 hobgoblins
  3 jackals (D:4)
  9 kobolds
  3 quokkas (D:4)
  6 frilled lizards
  2 gnoll zombies (D:3)
  5 rats
82 creatures vanquished.

Notes
Turn   | Place    | Note
-------+----------+-------------------------------------------
     0 | D:1      | Peloso the Minotaur Fighter began the quest for the Orb.
     0 | D:1      | Reached XP level 1. HP: 19/19 MP: 0/0
   103 | D:1      | Reached XP level 2. HP: 18/27 MP: 1/1
   264 | D:1      | Reached XP level 3. HP: 16/33 MP: 2/2
   996 | D:2      | Found a sacrificial altar of Ru.
  1059 | D:2      | Reached XP level 4. HP: 38/40 MP: 3/3
  1451 | D:3      | Found a stormy altar of Qazlal.
  1462 | D:3      | Noticed Jessica
  1469 | D:3      | Reached skill level 1 in Dodging
  1476 | D:3      | Killed Jessica
  1476 | D:3      | Reached XP level 5. HP: 29/46 MP: 4/4
  1484 | D:3      | Found a hazy altar of Hepliaklqana.
  1748 | D:3      | Found a basalt altar of Yredelemnul.
  2246 | D:4      | Reached skill level 5 in Long Blades
  2265 | D:4      | Reached skill level 5 in Shields
  2383 | D:4      | Reached XP level 6. HP: 49/53 MP: 5/5
  2443 | D:4      | Slain by an ogre

Levels and vault maps discovered:
D:1:      minmay_arrival_diagonal_passages, layout_rooms
D:2:      layout_rooms, nicolae_ru_path_of_blood
D:3:      layout_basic, grunt_qazlal_sundering, lemuel_zombie_altar_yredelemnul,
          overflow_temple_1_default, uniq_jessica
D:4:      layout_basic, first_ration

Skill      XL: |  1  2  3  4  5 |
---------------+----------------+-----
Armour         | 4 |  4.8
Shields        | 4 5 |  5.1
Long Blades    | 3 4 5 |  5.3
Fighting       | 4 |  4.3
Dodging        | 1 |  1.3
Stealth        | |  0.2

Action                   |  1- 3 |  4- 6 || total
-------------------------+-------+-------++-------
Melee: Long sword        |   108 |   129 ||   237
       Headbutt          |    15 |    17 ||    32
  Use: Potion            |       |     5 ||     5
       Scroll            |       |     4 ||     4
  Eat: Chunk             |       |     5 ||     5
Armor: Scale mail        |    52 |    56 ||   108
Dodge: Dodged            |    38 |    50 ||    88
Block: Shield            |    72 |   103 ||   175
       Rpst.: Long sword |    12 |    13 ||    25
